 Dungeon Crawl Stone Soup version 0.26-a0-651-gb41185065b (webtiles) character file.

Game seed: 6759217809425276513

28 Lanoc the Charlatan (level 3, -6/29 HPs)
             Began as a Ghoul Artificer on Oct 18, 2020.
             Killed from afar by Ijyb (22 damage)
             ... with a bolt of acid
             ... on level 3 of the Dungeon.
             The game lasted 00:01:29 (1300 turns).

Lanoc the Charlatan (Ghoul Artificer)               Turns: 1300, Time: 00:01:30

Health: -6/29      AC:  3    Str: 15    XL:     3   Next: 14%
Magic:  2/2        EV: 11    Int:  6    God:
Gold:   20         SH:  0    Dex: 10    Spells: 2/2 levels left

rFire    . . .     SeeInvis .   (no weapon)
rCold    + . .     Faith    .   (no shield)
rNeg     + + +     Spirit   .   b - +0 leather armour
rPois    ∞         Reflect  .   (no helmet)
rElec    .         Harm     .   (no cloak)
rCorr    .         Rampage  .   (no gloves)
MR       .....                  (no boots)
Stlth    +.........             (no amulet)
HPRegen  0.00/turn              (no ring)
MPRegen  0.08/turn              (no ring)

@: no status effects
A: rotting body, claws 1, cold resistance 1, negative energy resistance 3,
inhibited regeneration, torment resistance, unbreathing
a: no special abilities


You were on level 3 of the Dungeon.
You visited 1 branch of the dungeon, and saw 3 of its levels.

You collected 20 gold pieces.

Inventory:

Armour
 b - a +0 leather armour (worn)
Wands
 c - a wand of flame (10)
 d - a wand of enslavement (13)
 e - a wand of random effects (15)
Scrolls
 f - a scroll of identify {unknown}
 g - a scroll of immolation {unknown}
Potions
 a - 2 potions of mutation {unknown}


   Skills:
 + Level 1.8 Fighting
 - Level 1.7 Armour
 + Level 1.4 Dodging
 - Level 1.1 Stealth
 * Level 3.3 Evocations


You had 2 spell levels left.
You didn't know any spells.
Your spell library was empty.

Dungeon Overview and Level Annotations

Branches:
Dungeon (3/15)

Altars:

Annotations:
D:3 Ijyb


Innate Abilities, Weirdness & Mutations

Your body is rotting away.
You thrive by killing the living.
You are immune to poison.
You have sharp fingernails.
Your flesh is cold resistant. (rC+)
You are immune to negative energy. (rN+++)
You do not regenerate when monsters are visible.
You are immune to unholy pain and torment.
You can survive without breathing.


Message History

Aiming: Enslavement
Press: ? - help, Shift-Dir - straight line, f/p - worm
Aim: a worm (chance to defeat MR: 64%)
The worm is charmed.
The hobgoblin shouts!
You hear a bark!
What are your orders? t - Shout!
Orders for allies: a - Attack new target. p - Attack previous target. r - Retreat! s - Stop attacking. g - Guard the area. f - Follow me.
Anything else - Cancel.
Gang up on whom?
Press: ? - help, Dir - move target cursor, f - Ijyb, p - worm
Aim: Ijyb, wielding a +0 dagger, wearing a +0 leather armour and carrying a wand of acid (5) Attack!
Your worm bites Ijyb.
Ijyb zaps a wand.
The bolt of acid hits your worm!
Your worm is splashed with acid.
The acid corrodes your worm! The bolt of acid hits you!!
Ouch! That really hurt!
You die...

...###...#
.........### ?#
....#.....#.#
#.....<...# ##
##.....(### ..
#.####.#)#### .#
..g....#..#######..#
........g..gw......#
........#.####@....#
........#........###
...........###...#
...........# #.###
............ ...
.......###......
....... ...... .....


You could see Ijyb, a hobgoblin and a friendly worm (charmed, corroded).

Vanquished Creatures
  A dart slug (D:2)
  A leopard gecko (D:3)
  An orc (D:3)
  2 giant cockroaches (D:2)
  4 goblins
  2 hobgoblins (D:1)
  2 jackals (D:2)
  2 kobolds
  A quokka (D:2)
  2 bats (D:2)
  A frilled lizard (D:1)
  2 rats
21 creatures vanquished.

Notes
Turn   | Place    | Note
-------+----------+-------------------------------------------
     0 | D:1      | Lanoc the Ghoul Artificer began the quest for the Orb.
     0 | D:1      | Reached XP level 1. HP: 16/16 MP: 0/0
   343 | D:1      | Reached skill level 1 in Dodging
   650 | D:1      | Reached XP level 2. HP: 23/23 MP: 1/1
   664 | D:1      | Reached skill level 3 in Evocations
  1274 | D:3      | Reached XP level 3. HP: 29/29 MP: 2/2
  1294 | D:3      | Noticed Ijyb
  1300 | D:3      | Killed from afar by Ijyb

Illustrated notes

Levels and vault maps discovered:
D:1:      ncdulo_smallfort, layout_basic
D:2:      layout_rooms, uniq_crazy_yiuf_cottage
D:3:      layout_rooms, kennysheep_generic_room_11, uniq_ijyb, uniq_natasha

Skill      XL: |  1  2 |
---------------+-------+-----
Dodging        | 1 |  1.4
Evocations     | 3 |  3.3
Fighting       | |  1.8
Armour         | |  1.7
Stealth        | |  1.1

Action                   || total
-------------------------++-------
Melee: Club              ||    22
       Unarmed           ||    88
Evoke: Wand              ||     7
Armor: Leather armour    ||    32
Dodge: Dodged            ||    82

Table legend: (Time is in decaauts)
 A = Elapsed time spent in this place.
 B = Non-inter-level travel time spent in this place.
 C = Inter-level travel time spent in this place.
 D = Time resting spent in this place.
 E = Time spent auto-exploring this place.
 F = Levels seen in this place.
 G = Mean time per level.
                   A        B        C        D        E       F      G
               +--------+--------+--------+--------+--------+-----+--------+
         Total |   1306 |   1301 |      5 |    167 |    938 |   3 |  435.3 |
       Dungeon |   1306 |   1301 |      5 |    167 |    938 |   3 |  435.3 |
               +--------+--------+--------+--------+--------+-----+--------+

Top non-repeatable levels by time:
     D:1: 838 daAuts
     D:2: 436 daAuts
     D:3: 30 daAuts
